 Dungeon Crawl Stone Soup version 0.21-a0-348-ga060c75 (webtiles) character file.

15 vishdafish the Firebug (level 2, -1/20 HPs)
             Began as a Demonspawn Fire Elementalist on Oct 6, 2017.
             Slain by a hobgoblin
             ... wielding a +0 club
              (3 damage)
             ... on level 2 of the Dungeon.
             The game lasted 00:02:48 (890 turns).

vishdafish the Firebug (DsFE)                        Turns: 890, Time: 00:02:49

Health: -1/20      AC:  4    Str:  8    XL:     2   Next: 34%
Magic:  0/5        EV: 12    Int: 16    God:
Gold:   69         SH:  0    Dex: 13    Spells: 4/5 levels left

rFire    . . .     SeeInvis .   j - +0 spear
rCold    . . .     Gourm    .   (no shield)
rNeg     . . .     Faith    .   a - +0 robe
rPois    .         Spirit   .   (no helmet)
rElec    .         Reflect  .   (no cloak)
rCorr    .         Harm     .   (no gloves)
MR       .....                  (no boots)
Stlth    ++........             (no amulet)
HPRegen  0.06/turn              (no ring)
MPRegen  0.09/turn              (no ring)

@: very slightly contaminated
A: molten scales 1
a: no special abilities


You were on level 2 of the Dungeon.
You were not hungry.

You visited 1 branch of the dungeon, and saw 2 of its levels.

You collected 69 gold pieces.

Inventory:

Hand Weapons
 d - a +0 short sword
 j - a +0 spear (weapon)
Missiles
 h - 5 tomahawks (quivered)
Armour
 a - a +0 robe (worn)
Scrolls
 i - a scroll of remove curse {unknown}
 m - a scroll of enchant armour {unknown}
 n - a scroll of teleportation
 o - a scroll of fog {unknown}
Potions
 e - a potion of haste {unknown}
 f - a potion of curing {unknown}
 g - a potion of heal wounds {unknown}
 k - a potion of lignification {unknown}
 l - 2 potions of flight {unknown}
 p - a potion of invisibility {unknown}
Books
 b - a book of Flames

   Spells                             Type                      Level
   a - Flame Tongue                   Conjuration/Fire             1
   b - Throw Flame                    Conjuration/Fire             2
   c - Conjure Flame                  Conjuration/Fire             3
   d - Inner Flame                    Hexes/Fire                   3
   e - Sticky Flame                   Conjuration/Fire             4
   f - Fireball                       Conjuration/Fire             5
Comestibles
 c - 2 bread rations


   Skills:
 + Level 0.5 Fighting
 * Level 0.2 Polearms
 + Level 2.0 Dodging
 - Level 1.7 Stealth
 - Level 2.1 Spellcasting
 * Level 1.5 Conjurations
 + Level 2.8 Fire Magic


You had 4 spell levels left.
You knew the following spells:

 Your Spells              Type           Power        Failure   Level  Hunger
a - Flame Tongue          Conj/Fire      #....        9%          1    #......


Dungeon Overview and Level Annotations

Branches:
Dungeon (2/15)

Altars:

Annotations:
D:1 Terence


Innate Abilities, Weirdness & Mutations

You are partially covered in molten scales. (AC +2)


Message History

The hobgoblin hits you with a club.
* * * LOW HITPOINT WARNING * * *
Casting: Flame Tongue
Confirm with . or Enter, or press ? or * to list all spells.
Aiming: Flame Tongue
Press: ? - help, Shift-Dir - straight line, f/p - hobgoblin
Aim: a hobgoblin, wielding a club (moderately wounded)
You miscast Flame Tongue.
You are very lightly contaminated with residual magic.
Nothing appears to happen.
The hobgoblin hits you with a club.
* * * LOW HITPOINT WARNING * * *
Casting: Flame Tongue
Confirm with . or Enter, or press ? or * to list all spells.
Aiming: Flame Tongue
Press: ? - help, Shift-Dir - straight line, f/p - hobgoblin
Aim: a hobgoblin, wielding a club (moderately wounded)
The flame tongue hits the hobgoblin.
The hobgoblin is almost dead.
The hobgoblin hits you with a club.
You die...

###
..#
#.#
#.#
#.#
#g#
#@#
###


You could see a hobgoblin.

Vanquished Creatures
  2 goblins (D:1)
  3 hobgoblins (D:1)
  2 kobolds (D:1)
  A bat (D:1)
  A frilled lizard (D:1)
  6 rats (D:1)
15 creatures vanquished.

Notes
Turn   | Place    | Note
-------+----------+-------------------------------------------
     0 | D:1      | vishdafish the Demonspawn Fire Elementalist began the quest for the Orb.
     0 | D:1      | Reached XP level 1. HP: 13/13 MP: 3/3
   154 | D:1      | Gained mutation: You are partially covered in molten scales. (AC +2) [demonic ancestry]
   154 | D:1      | Reached XP level 2. HP: 9/20 MP: 0/5
   558 | D:2      | Noticed Terence
   890 | D:2      | Slain by a hobgoblin

Vault maps used:
D:1:      lightli_arrival_boilingwater
D:2:      lemuel_doored_altar, kennysheep_generic_room_5, uniq_terence

Skill      XL: |  1  2 |
---------------+-------+-----
Dodging        | 2 |  2.0
Fighting       | |  0.5
Polearms       | |  0.2
Stealth        | |  1.7
Spellcasting   | |  2.1
Conjurations   | |  1.5
Fire Magic     | |  2.8

Action                   || total
-------------------------++-------
Melee: Short sword       ||    16
       Spear             ||    19
 Cast: Flame Tongue      ||    26
  Use: Scroll            ||     1
 Stab: Sleeping          ||     2
Armor: Robe              ||    13
Dodge: Dodged            ||    24

Table legend:
 A = Spawn XP
 B = Non-spawn XP
 C = Spawn XP percentage of total XP
 D = Spawn monster count
 E = Non-spawn monster count
 F = Spawn count percentage of total count
 G = Total turns spent on level
                    A         B        C        D         E        F      G
               +---------+---------+-------+---------+---------+-------+---------
         Total |       0 |      22 |   0.0 |       0 |      15 |   0.0 |   890
               +---------+---------+-------+---------+---------+-------+---------
           D:1 |       0 |      22 |   0.0 |       0 |      15 |   0.0 |   837
               +---------+---------+-------+---------+---------+-------+---------
